 Dungeon Crawl Stone Soup version 0.29.0-11-gd7f09526c8 (webtiles) character file.

Game seed: 17798448985883829959

77 concernfroge the Trooper (level 4, 0/37 HPs)
             Began as a Mummy Monk on Sept 4, 2022.
             Slain by a jelly (3 damage)
             ... on level 5 of the Dungeon.
             The game lasted 00:04:44 (1709 turns).

concernfroge the Trooper (Mummy Monk)               Turns: 1709, Time: 00:04:45

Health: 0/37       AC: -4    Str: 14    XL:     4   Next: 14%
Magic:  4/4        EV: 12    Int: 14    God:
Gold:   92         SH:  0    Dex: 16    Spells: 3/3 levels left

rFire   x . .      SeeInvis .   b - +4 dagger "Morg" {pain, Will+ Int+5}
rCold   + . .      Faith    .   (no shield)
rNeg    + + +      Spirit   .   l - +1 leather armour
rPois   ∞          Reflect  .   (no helmet)
rElec   .          Harm     .   (no cloak)
rCorr   .          Rampage  .   (no gloves)
Will    +....                   (no boots)
Stlth   ++........              (no amulet)
HPRegen 0.12/turn               (no ring)
MPRegen 0.09/turn               (no ring)

@: corroded
A: cold resistance 1, negative energy resistance 3, torment resistance 2, heat
vulnerability 1, in touch with death 1, no potions
a: no special abilities


You were on level 5 of the Dungeon.
You visited 1 branch of the dungeon, and saw 4 of its levels.

You collected 92 gold pieces.

Inventory:

Hand Weapons
 a - a +1 spear
 b - the +4 dagger "Morg" (weapon) {pain, Will+ Int+5}
   (You found it on level 2 of the Dungeon)

   In the hands of one skilled in necromantic magic, it inflicts extra damage on
   living creatures.
   Int:       It affects your intelligence (+5).
   Will:      It increases your willpower.
Missiles
 k - a javelin (quivered)
Armour
 i - a +0 kite shield
 l - a +1 leather armour (worn)
Scrolls
 d - 2 scrolls of teleportation
 f - a scroll of enchant armour
 g - 2 scrolls of identify
 h - a scroll of magic mapping


   Skills:
 - Level 4.0 Fighting
 + Level 1.1 Short Blades
 - Level 2.4 Polearms
 - Level 2.4 Dodging
 * Level 2.6 Stealth


You had 3 spell levels left.
You didn't know any spells.
Your spell library was empty.

Dungeon Overview and Level Annotations

Branches:
Dungeon (5/15)
 Temple: D:4-7

Altars:
Uskayaw

Annotations:
D:4 exclusion: gnoll


Innate Abilities, Weirdness & Mutations

You are immune to poison.
Your flesh is cold resistant. (rC+)
You are immune to negative energy. (rN+++)
You are immune to unholy pain and torment.
You are vulnerable to heat. (rF-)
You are in touch with the powers of death.
You do not drink.


Message History

You hit the endoplasm.
You kill the endoplasm!
The gnoll hits you from afar with a +0 halberd!
You are too injured to fight recklessly!
As you open the door, it creaks loudly!
There is an open door here.
You open the door.
There is an open door here.
A jelly comes into view.
Found a stone staircase leading down.
The jelly quivers.
The jelly jiggles.
Found a cloak.
The jelly closely misses you.
There is a stone staircase leading down here.
The jelly hits you but does no damage.
You climb downwards.
Found a square jade amulet.
There is a stone staircase leading up here.
You hit the jelly.
Your hands burn!
The jelly is moderately wounded.
The jelly closely misses you.
You hit the jelly. The acid corrodes you!
Your hands burn!
The jelly is heavily wounded.
The jelly misses you.
You hit the jelly.
Your hands burn!
* * * LOW HITPOINT WARNING * * *
The jelly is severely wounded.
You hit the jelly. The acid corrodes you!
Your hands burn!
* * * LOW HITPOINT WARNING * * *
The jelly is almost dead.
The jelly closely misses you.
You hit the jelly.
Your hands burn!
* * * LOW HITPOINT WARNING * * *
The jelly is almost dead.
The jelly barely misses you.
You hit the jelly but do no damage.
Your hands burn!
* * * LOW HITPOINT WARNING * * *
The jelly is almost dead.
The jelly hits you.
You die...

.# ##.#
...# #..
... #.#
#.##.##.#
#...".J@#
####.####


You could see a jelly.

Vanquished Creatures
  A hound (D:4)
  A gnoll (D:4)
  An adder (D:4)
  4 endoplasms
  2 giant cockroaches (D:1)
  2 goblins
  A hobgoblin (D:1)
  5 kobolds
  2 quokkas (D:1)
  4 ball pythons
  3 bats (D:1)
  2 frilled lizards (D:1)
  4 rats (D:1)
32 creatures vanquished.

Notes
Turn   | Place    | Note
-------+----------+-------------------------------------------
     0 | D:1      | concernfroge the Mummy Monk began the quest for the Orb.
     0 | D:1      | Reached XP level 1. HP: 18/18 MP: 1/1
   350 | D:1      | Reached XP level 2. HP: 24/24 MP: 2/2
   771 | D:1      | Found a faded altar of an unknown god.
   790 | D:1      | Reached skill level 4 in Fighting
  1162 | D:2      | Found the +4 dagger "Morg" {pain, Will+ Int+5}
  1614 | D:2      | You fall into a shaft and drop 2 floors!
  1614 | D:4      | Found a hide-covered altar of Uskayaw.
  1624 | D:4      | Gained mutation: You are in touch with the powers of death.
                  | [Mummy growth]
  1624 | D:4      | Reached XP level 3. HP: 27/30 MP: 3/3
  1632 | D:4      | Reached skill level 1 in Short Blades
  1645 | D:4      | Reached XP level 4. HP: 23/37 MP: 4/4
  1703 | D:5      | Entered Level 5 of the Dungeon
  1709 | D:5      | Slain by a jelly

Illustrated notes

Levels and vault maps discovered:
D:1:      kennysheep_arrival_seaside, layout_loops_ring,
          shapermc_ecumenical_altar_starsandcircs
D:2:      layout_loops_ring
D:4:      layout_gridville, overflow_temple_1_default,
          gammafunk_temple_overflow_statue
D:5:      kennysheep_big_flooded_room, layout_loops_cross,
          kennysheep_generic_room_10, uniq_ijyb, uniq_duvessa,
          uniq_blork_the_orc, uniq_grinder, uniq_prince_ribbit1

Skill      XL: |  1  2  3 |
---------------+----------+-----
Fighting       | 4 |  4.0
Stealth        | 2 |  2.6
Short Blades   | 1 |  1.1
Polearms       | |  2.4
Dodging        | |  2.4

Action                   |  1- 3 |  4- 6 || total
-------------------------+-------+-------++-------
Melee: Spear             |    74 |       ||    74
       Dagger            |    25 |    11 ||    36
Throw: Javelin           |     3 |       ||     3
  Use: Scroll            |     1 |     5 ||     6
 Stab: Sleeping          |     5 |       ||     5
Armor: Robe              |     7 |       ||     7
       Ring mail         |     4 |       ||     4
       Leather armour    |     1 |     3 ||     4
Dodge: Dodged            |    51 |    11 ||    62
Block: Kite shield       |     2 |       ||     2
